 Dungeon Crawl Stone Soup version 0.30-a0-347-gf58ed5266c (webtiles) character file.

Game seed: 12302373939397651759

4307 hikkokomori the Ruffian (level 10, -4/86 HPs)
             Began as a Pale Draconian Transmuter on Nov 7, 2022.
             Was an Initiate of Gozag.
             Slain by a hornet (12 damage)
             ... on level 7 of the Dungeon.
             The game lasted 00:33:33 (8665 turns).

hikkokomori the Ruffian (Pale Draconian Transmuter) Turns: 8665, Time: 00:33:33

Health: -4/86      AC:  2    Str: 15    XL:     10   Next: 11%
Magic:  19/19      EV: 20    Int: 15    God:    Gozag
Gold:   239        SH:  0    Dex: 17    Spells: 5/21 levels left

rFire   . . .      SeeInvis .      - Unarmed
rCold   . . .      Faith    .    (shield currently unavailable)
rNeg    . . .      Spirit   .    (body armour unavailable)
rPois   x          Reflect  .    (helmet currently unavailable)
rElec   .          Harm     .    (cloak currently unavailable)
rCorr   .          Rampage  .    (gloves currently unavailable)
Will    +....                    (boots currently unavailable)
Stlth   ++........               (no amulet)
HPRegen 0.34/turn                l - ring of willpower
MPRegen 0.16/turn                (no ring)

@: lethally poisoned (-4 -> -51), spider-form, wereblooded, gold aura, slowed,
very slow
A: venomous fangs, (breathe steam), AC +7, tiny, unfitting armour,
(cold-blooded), (steam resistance)
a: End Transformation, Renounce Religion, Potion Petition, Call Merchant, Bribe
Branch


You were on level 7 of the Dungeon.
You worshipped Gozag.
Gozag was aware of your devotion.
You were a venomous arachnid creature.
You visited 2 branches of the dungeon, and saw 8 of its levels.

You collected 959 gold pieces.
You spent 633 gold pieces at shops.
You paid 87 gold pieces to Gozag.

Inventory:

Missiles
 j - 6 poisoned darts
Armour
 g - a +2 hat
 i - a +0 cloak (melded)
 k - the +2 pair of boots of Toehin {Harm rC+}
   (You found it on level 2 of the Dungeon)

   rC:        It protects you from cold.
   Harm:      It increases damage dealt and taken.
 m - a +1 hat of see invisible (melded)
 p - a scarf of harm
 q - a +0 pair of boots (melded)
 z - a +1 pair of gloves of dexterity (melded)
Jewellery
 l - a ring of willpower (left front leg)
Wands
 u - a wand of flame (32)
 x - a wand of iceblast (3)
 y - a wand of light (7)
Scrolls
 b - 2 scrolls of enchant weapon {unknown}
 c - 9 scrolls of teleportation
 f - a scroll of immolation
 n - 2 scrolls of blinking {unknown}
 o - a scroll of noise
 r - 2 scrolls of magic mapping
 s - a scroll of vulnerability {unknown}
Potions
 a - a potion of brilliance {unknown}
 d - 2 potions of attraction
 e - 3 potions of flight
 h - 2 potions of haste
 t - a potion of curing
 v - a potion of mutation {unknown}
 w - a potion of might {unknown}
 A - a potion of heal wounds


   Skills:
 + Level 7.0 Fighting
 + Level 3.3 Dodging
 + Level 7.2 Unarmed Combat
 + Level 6.2 Spellcasting
 + Level 6.6 Transmutations
 + Level 6.2 Poison Magic


You had 5 spell levels left.
You knew the following spells:

 Your Spells              Type           Power      Damage    Failure   Level
a - Beastly Appendage     Tmut           48%        N/A       4%          1
b - Poisonous Vapours     Pois/Air       26%        N/A       17%         2
c - Sting                 Tmut/Pois      92%        1d7       5%          1
d - Spider Form           Tmut/Pois      23%        N/A       11%         3
e - Wereblood             Tmut           24%        N/A       6%          2
f - Olgreb's Toxic Radia  Pois           23%        N/A       26%         4
g - Ignite Poison         Fire/Tmut/Pois 17%        N/A       21%         3

Your spell library contained the following spells:

 Spells                   Type           Power      Damage    Failure   Level
 Apportation              Tloc           8%         N/A       32%         1
 Alistair's Intoxication  Tmut/Pois      15%        N/A       50%         5
 Ice Form                 Ice/Tmut       14%        N/A       58%         4
 Sticky Flame             Conj/Fire      4%         2d3       93%         4
 Borgnjor's Vile Clutch   Necr/Erth      2%         N/A       99%         5
 Death Channel            Necr           2%         N/A       100%        6
 Dragon Form              Tmut           12%        N/A       100%        7
 Ignition                 Fire           2%         3d3       100%        8
 Animate Dead             Necr           Unusable   N/A       N/A         4

Dungeon Overview and Level Annotations

Branches:
Dungeon (7/15)             Temple (1/1) D:4

Altars:
Ashenzari
Dithmenos
Elyvilon
Gozag
Kikubaaqudgha
Makhleb
Nemelex Xobeh
Sif Muna
Trog
Uskayaw
Vehumet
Wu Jian
Xom
Yredelemnul
Zin
The Shining One

Shops:
D:1 :*([*   D:5 *

Annotations:
D:4 3 runed translucent doors, Darkkill's ghost, amateur MiHu


Innate Abilities, Weirdness & Mutations

You are a venomous arachnid creature.
You have poisonous fangs.
You are tiny and dextrous.
Your spellcasting is less reliable in this form.
Your armour is entirely melded.
You are incapable of wielding weapons or throwing items.
((You can breathe blasts of scalding, opaque steam.))
((Your pale cyan-grey scales are hard. (AC +7)))
You cannot fit into any form of body armour.
((You are cold-blooded and may be slowed by cold attacks.))
((You are immune to the effects of steam.))


Message History

A hornet comes into view.
The orc wizard mumbles some strange words.
The orc wizard flickers and vanishes!
Deactivating autopickup; reactivate with Ctrl-A.
Your life force feels restored.
You hiss as the wereblood boils in your veins!
The hornet is distracted by your dazzling golden aura.
The orc is no longer distracted by gold.
A magic dart appears from out of thin air!
The magic dart hits you!
You hiss as the wereblood boils in your veins!
A magic dart appears from out of thin air!
The magic dart hits you.
You hit something. You hit something. Something hits you.
You bite something!
You feel a bit better.
Reactivating autopickup.
You feel a bit more experienced.
You bite the orc!
You feel a bit better.
You kill the orc!
The hornet misses you. The hornet barely misses you.
Items here: $ )) [[.
You barely miss the hornet. The hornet completely misses you.
You barely miss the hornet. The hornet stings you!
You are poisoned.
You suddenly lose the ability to move!
You feel very sick. The hornet stings you!
You are lethally poisoned!
You feel yourself slow down. The hornet stings you.
* * * LOW HITPOINT WARNING * * *
You are more poisoned.
You shrug off the repeated paralysis!
You can move again.
You hit the hornet but do no damage.
The hornet is poisoned.
* * * LOW HITPOINT WARNING * * *
You feel extremely sick. The hornet stings you!
You die...
Your body crumbles into a pile of gold.

.........####.#.# #........
>.............#.####........
...........####..##.........
...........#####.##.........
...........##...............
#.y.........................
#..........##...............
##........###.........##...#
#.....$$..ys..........##..##
#..........##.........###.##
#..........##.........### #
#..........####.###.......##
#........... .# ........
##........... ## ..#####
##........... ######
#.###........ #..... ......


You could see a hornet (very poisoned).

Vanquished Creatures
  The ghost of FizzleBangTC the Geomancer, a novice MeEE (D:5)
  An unseen horror (D:6)
  Eustachio (D:4)
  A shadow (D:6)
  A wyvern (D:6)
  Edmund (D:6)
  2 water moccasins
  2 sky beasts (D:7)
  3 ice beasts
  An orc warrior (D:7)
  3 black bears
  A centaur (D:5)
  A phantom (D:4)
  Blork the orc (D:6)
  A bullfrog (D:7)
  5 necrophages
  A scorpion (D:5)
  8 wights
  3 howler monkeys (D:7)
  5 hounds
  2 jellies
  4 orc priests
  Crazy Yiuf (D:2)
  4 iguanas
  11 orc wizards
  3 gnolls (D:4)
  9 adders
  2 shadow imps (D:6)
  A white imp (D:6)
  An ufetubus (D:4)
  3 worms
  2 dart slugs
  31 orcs
  9 ball pythons
  4 endoplasms
  3 giant cockroaches
  6 goblins
  7 hobgoblins
  3 jackals (D:4)
  6 quokkas
  5 bats
  3 frilled lizards
  4 kobolds
  6 rats
173 creatures vanquished.

Notes
Turn   | Place    | Note
-------+----------+-------------------------------------------
     0 | D:1      | hikkokomori the Draconian Transmuter began the quest for
                  | the Orb.
     0 | D:1      | Reached XP level 1. HP: 16/16 MP: 3/3
   214 | D:1      | Found Mekhlij's Armour Shoppe.
   294 | D:1      | Reached XP level 2. HP: 23/23 MP: 3/5
   331 | D:1      | Found Enech's General Store.
   502 | D:1      | Found Cahounaijo's Book Boutique.
   562 | D:1      | Found Xuddoi's General Store.
   565 | D:1      | Found Gurutenn's Weapon Shoppe.
   589 | D:1      | Learned a level 2 spell: Poisonous Vapours
   888 | D:2      | Identified the +2 pair of boots of Toehin {Harm rC+}
   981 | D:2      | Reached XP level 3. HP: 20/29 MP: 4/6
  1448 | D:2      | Noticed a necrophage
  1459 | D:2      | Killed a necrophage
  1460 | D:2      | Reached skill level 1 in Poison Magic
  1460 | D:2      | Reached XP level 4. HP: 16/36 MP: 7/7
  1579 | D:2      | Identified the +1 robe of the Known World {Dex+2}
  1660 | D:2      | Found a runed translucent door.
  1661 | D:2      | Noticed Crazy Yiuf
  1981 | D:2      | Learned a level 1 spell: Sting
  2161 | D:2      | Killed Crazy Yiuf
  2277 | D:3      | Reached XP level 5. HP: 42/42 MP: 7/9
  2581 | D:3      | Found a faded altar of an unknown god.
  2894 | D:3      | Got Sif Muna's Almanac of Reformation
  3354 | D:4      | Learned a level 3 spell: Spider Form
  3357 | D:4      | Learned a level 2 spell: Wereblood
  3373 | D:4      | Reached XP level 6. HP: 14/51 MP: 7/10
  3616 | D:4      | Found a runed translucent gate.
  3618 | D:4      | Found a runed translucent gate.
  3618 | D:4      | Identified the +4 short sword of Woixkut {speed, Int+4
                  | Dex+2}
  3619 | D:4      | Found a runed translucent gate.
  3621 | D:4      | Noticed Darkkill's ghost (amateur MiHu)
  3781 | D:4      | Your scales start taking on a pale cyan-grey colour.
  3781 | D:4      | Reached XP level 7. HP: 46/58 MP: 7/12
  3781 | D:4      | Gained mutation: You are immune to the effects of steam.
                  | [Pale Draconian growth]
  3889 | D:4      | Noticed Eustachio
  3911 | D:4      | Killed Eustachio
  3927 | D:4      | Reached skill level 5 in Unarmed Combat
  4265 | D:4      | Found a staircase to the Ecumenical Temple.
  4271 | Temple   | Entered the Ecumenical Temple
  4312 | Temple   | Became a worshipper of Gozag Ym Sagoz the Greedy
  4517 | D:4      | Reached XP level 8. HP: 67/67 MP: 12/14
  4991 | D:5      | Entered Level 5 of the Dungeon
  5083 | D:5      | Found Tuqaischa's Assorted Antiques.
  5094 | D:5      | Found a runed translucent door.
  5328 | D:5      | Reached skill level 5 in Fighting
  5529 | D:5      | Noticed FizzleBangTC's ghost (novice MeEE)
  5704 | D:5      | Reached skill level 5 in Transmutations
  5723 | D:5      | Killed FizzleBangTC's ghost
  5724 | D:5      | Reached skill level 5 in Spellcasting
  5771 | D:6      | Noticed Blork the orc
  5780 | D:6      | Killed Blork the orc
  6082 | D:6      | Reached XP level 9. HP: 43/75 MP: 13/16
  6090 | D:6      | Reached skill level 5 in Poison Magic
  6282 | D:6      | Found a sparkling altar of Nemelex Xobeh.
  6286 | D:6      | Found a shadowy altar of Dithmenos.
  6291 | D:6      | Found a radiant altar of Vehumet.
  6308 | D:6      | Noticed an unseen horror
  6315 | D:6      | Found an ancient bone altar of Kikubaaqudgha.
  6318 | D:6      | Noticed Edmund
  6330 | D:6      | Killed Edmund
  6347 | D:6      | Killed an unseen horror
  6548 | D:6      | Learned a level 4 spell: Olgreb's Toxic Radiance
  6925 | D:6      | Found a glowing silver altar of Zin.
  7071 | D:1      | Bought an Everburning Encyclopedia for 360 gold pieces
  7077 | D:1      | Learned a level 3 spell: Ignite Poison
  7077 | D:1      | Bought a scroll of magic mapping for 75 gold pieces
  8020 | D:1      | Bought a +1 pair of gloves of dexterity for 198 gold pieces
  8270 | D:7      | Reached XP level 10. HP: 72/82 MP: 16/19
  8663 | D:7      | Paralysed by a hornet for 1 turns
  8665 | D:7      | Slain by a hornet

Illustrated notes

Levels and vault maps discovered:
D:1:      dpeg_cavernosity, layout_basic, serial_shops, shop_coins,
          nicolae_square_shop, nicolae_shop_hallway_stairs, shop,
          nicolae_shop_trees
D:2:      layout_basic, minmay_crystal_water, st_stairs_13,
          uniq_crazy_yiuf_cottage
D:3:      layout_basic, hellmonk_ecumenical_altar_inner_sanctum
D:4:      layout_cave_pods, minmay_temple_entry_hall,
          biasface_ghost_orc_armoury, minmay_cupped, uniq_eustachio
D:5:      layout_cave_pools, ebering_ghost_sewer_d, serial_shops, shop
D:6:      layout_rooms, grunt_temple_overflow_diamond, hangedman_feature_mirror,
          st_stairs_2, uniq_edmund, uniq_blork_the_orc
D:7:      layout_rooms, lemuel_doored_altar, nicolae_elevator_lobby_asterisk
Temple:   nicolae_temple_figure_eight

Skill      XL: |  1  2  3  4  5  6  7  8  9 10 |
---------------+-------------------------------+-----
Dodging        | 2 3 |  3.3
Fighting       | 2 3 4 5 6 7 |  7.0
Poison Magic   | 1 2 3 4 6 |  6.2
Transmutations | 3 4 5 6 |  6.6
Spellcasting   | 3 4 5 6 |  6.2
Unarmed Combat | 4 5 6 7 |  7.2

Action                   |  1- 3 |  4- 6 |  7- 9 | 10-12 || total
-------------------------+-------+-------+-------+-------++-------
Melee: Unarmed           |    84 |   149 |   220 |    41 ||   494
       Kick              |    18 |    26 |    24 |       ||    68
       Headbutt          |     8 |    16 |    14 |       ||    38
       Tailslap          |     5 |    15 |    13 |       ||    33
       Punch             |     2 |     3 |     1 |       ||     6
Throw: Dart              |       |       |       |     1 ||     1
 Cast: Beastly Appendage |    23 |    25 |    19 |       ||    67
       Sting             |       |     1 |     2 |       ||     3
       Wereblood         |       |     4 |     2 |     1 ||     7
       Poisonous Vapours |       |       |     1 |       ||     1
       Spider Form       |       |       |    22 |     5 ||    27
       Olgreb's Toxic Ra |       |       |     1 |       ||     1
 Abil: Breathe Steam     |       |       |    20 |     2 ||    22
Evoke: Wand              |       |       |     9 |       ||     9
  Use: Scroll            |     3 |     2 |     1 |       ||     6
       Potion            |       |     4 |     3 |       ||     7
 Stab: Sleeping          |       |       |     1 |       ||     1
Armor: Skin              |    15 |    71 |    47 |       ||   133
Dodge: Dodged            |    64 |    90 |   153 |    28 ||   335

Table legend: (Time is in decaauts)
 A = Elapsed time spent in this place.
 B = Non-inter-level travel time spent in this place.
 C = Inter-level travel time spent in this place.
 D = Time resting spent in this place.
 E = Time spent auto-exploring this place.
 F = Levels seen in this place.
 G = Mean time per level.
                   A        B        C        D        E       F      G
               +--------+--------+--------+--------+--------+-----+--------+
         Total |   8634 |   7908 |    726 |   1055 |   5189 |   8 | 1079.2 |
       Dungeon |   8418 |   7706 |    712 |   1055 |   4990 |   7 | 1202.6 |
        Temple |    215 |    201 |     14 |      0 |    199 |   1 |  215.0 |
               +--------+--------+--------+--------+--------+-----+--------+

Top non-repeatable levels by time:
     D:6: 1579 daAuts
     D:2: 1471 daAuts
     D:4: 1453 daAuts
     D:3: 1232 daAuts
     D:1: 952 daAuts
     D:7: 866 daAuts
     D:5: 864 daAuts
  Temple: 215 daAuts
